 Dungeon Crawl Stone Soup version 0.29-a0-187-ga23d9638d5 (webtiles) character file.

Game seed: 5111518652074810059

38 Zeldest the Caller (level 3, -1/25 HPs)
             Began as a Gnoll Summoner on Feb 21, 2022.
             Was a Follower of Wu Jian.
             Shot with a sling bullet by a goblin (4 damage)
             ... on level 2 of the Dungeon.
             The game lasted 00:03:59 (600 turns).

Zeldest the Caller (Gnoll Summoner)                  Turns: 600, Time: 00:04:00

Health: -1/25      AC:  2    Str:  7    XL:     3   Next: 43%
Magic:  1/9        EV: 13    Int: 16    God:    Wu Jian [*.....]
Gold:   79         SH:  0    Dex: 12    Spells: 9/12 levels left

rFire   . . .      SeeInvis .   e - +2 short sword (protect)
rCold   . . .      Faith    .   (no shield)
rNeg    . . .      Spirit   .   a - +0 robe
rPois   .          Reflect  .   (no helmet)
rElec   .          Harm     .   (no cloak)
rCorr   .          Rampage  .   (no gloves)
Will    .....                   (no boots)
Stlth   ++........              (no amulet)
HPRegen 0.08/turn               (no ring)
MPRegen 0.11/turn               (no ring)

@: no status effects
A: fangs 1, strong nose, distributed training
a: Renounce Religion


You were on level 2 of the Dungeon.
You worshipped Wu Jian.
Wu Jian was aware of your devotion.
You visited 1 branch of the dungeon, and saw 2 of its levels.

You collected 79 gold pieces.

Inventory:

Hand Weapons
 e - a +2 short sword of protection (weapon)
Missiles
 i - 6 poisoned darts
Armour
 a - a +0 robe (worn)
Wands
 g - a wand of iceblast (7)
Scrolls
 b - a scroll of immolation {unknown}
 d - a scroll of teleportation {unknown}
 f - a scroll of magic mapping {unknown}
Potions
 c - 2 potions of attraction {unknown}
 h - a potion of curing {unknown}


   Skills:
 + Level 0.8 Fighting
 + Level 0.8 Short Blades
 + Level 0.8 Long Blades
 + Level 0.8 Axes
 + Level 0.8 Maces & Flails
 + Level 0.8 Polearms
 + Level 0.8 Staves
 + Level 0.8 Slings
 + Level 0.8 Bows
 + Level 0.8 Crossbows
 + Level 0.8 Throwing
 + Level 0.8 Armour
 + Level 4.5 Dodging
 + Level 4.1 Stealth
 + Level 0.8 Shields
 + Level 0.8 Unarmed Combat
 + Level 5.0 Spellcasting
 + Level 0.5 Conjurations
 + Level 0.5 Hexes
 + Level 7.1 Summonings
 + Level 0.5 Necromancy
 + Level 0.5 Translocations
 + Level 0.5 Transmutations
 + Level 0.5 Fire Magic
 + Level 0.5 Ice Magic
 + Level 0.5 Air Magic
 + Level 0.5 Earth Magic
 + Level 0.5 Poison Magic
 + Level 1.0 Invocations
 + Level 0.8 Evocations


You had 9 spell levels left.
You knew the following spells:

 Your Spells              Type           Power      Damage    Failure   Level
a - Call Imp              Summ           26%        N/A       1%          2
b - Summon Small Mammal   Summ           100%       N/A       1%          1

Your spell library contained the following spells:

 Spells                   Type           Power      Damage    Failure   Level
 Call Canine Familiar     Summ           26%        N/A       2%          3
 Summon Guardian Golem    Hex/Summ       16%        N/A       10%         3
 Sublimation of Blood     Necr           5%         N/A       19%         2
 Wereblood                Tmut           5%         N/A       19%         2
 Summon Lightning Spire   Summ/Air       16%        N/A       30%         4
 Summon Hydra             Summ           13%        N/A       100%        7


Dungeon Overview and Level Annotations

Branches:
Dungeon (2/15)

Altars:
Wu Jian

Shops:
D:1 =


Innate Abilities, Weirdness & Mutations

You have very sharp teeth.
Your uncanny sense of smell can sniff out nearby items.
Your experience applies equally to all skills.


Message History

Your crimson imp hits the worm.
Your quokka bites the worm.
The worm dies!
The Council accepts your kill.
The kobold hits your crimson imp with a +0 short sword.
Your quokka bites the kobold.
Your crimson imp closely misses the kobold.
The kobold hits your quokka with a +0 short sword.
Your quokka dies!
Your quokka's corpse disappears in a puff of smoke!
Your crimson imp blinks!
The kobold hits you with a +0 short sword.
Your crimson imp blinks!
You closely miss the kobold.
The kobold is moderately wounded.
The kobold barely misses you.
Your crimson imp blinks!
You puncture the kobold!
Your weapon exudes an aura of protection.
You kill the kobold!
The Council accepts your kill.
Your Invocations skill increases to level 1!
You swap places.
A goblin comes into view. It is wielding a +1 dagger of venom.
You see here 13 gold pieces.
You now have 79 gold pieces (gained 13).
Casting: Call Imp (safe; 1% risk of failure)
Confirm with . or Enter, or press ? or * to list all spells.
A beastly little devil appears in a puff of frigid air.
Your crimson imp disappears in a puff of smoke!
Casting: Call Imp (safe; 1% risk of failure)
Confirm with . or Enter, or press ? or * to list all spells.
The goblin unwields a +1 dagger of venom.
It stops dripping with poison.
The goblin wields a +0 hunting sling.
The goblin shoots a sling bullet.
The sling bullet hits you.
* * * LOW HITPOINT WARNING * * *
The goblin shoots a sling bullet.
The sling bullet completely misses you.
The goblin shoots a sling bullet.
The sling bullet closely misses your white imp.
The sling bullet hits you.
You die...

.......#.....#.#.#.#.#..
.....................>..
$............#.#.#.#.#..
##.......)#.........#
######........##.#.#.#.##
#.............#.........#.
#...r.........##.#.#.#.##.
#.......................#.
#........@..............#.
#...................).....
#.....5...................
#....[...#####..###...)...
...g...... .............
###...##.. ###.###.......
..⌠. ##.# #.# #....... ...
#....... ∆ #.......


You could see a goblin (ally target), a friendly white imp (summoned) and a
friendly quokka (summoned).

Vanquished Creatures
  A dart slug (D:2)
  An endoplasm (D:2)
  2 kobolds (D:2)
  A rat (D:1)
5 creatures vanquished.

Vanquished Creatures (collateral kills)
  A worm (D:2)
  A dart slug (D:2)
  2 bats (D:2)
  4 endoplasms
  A giant cockroach (D:1)
  3 hobgoblins (D:2)
  4 jackals (D:1)
  A quokka (D:2)
  A ball python (D:1)
  2 goblins (D:2)
  2 kobolds (D:1)
22 creatures vanquished.

Vanquished Creatures (others)
  A plant (D:1)
1 creature vanquished.

Grand Total: 28 creatures vanquished

Notes
Turn   | Place    | Note
-------+----------+-------------------------------------------
     0 | D:1      | Zeldest the Gnoll Summoner began the quest for the Orb.
     0 | D:1      | Reached XP level 1. HP: 13/13 MP: 6/6
   114 | D:1      | Reached XP level 2. HP: 6/19 MP: 5/7
   120 | D:1      | Learned a level 2 spell: Call Imp
   225 | D:1      | Found a faded altar of an unknown god.
   237 | D:1      | Prayed at the altar of an unknown god.
   237 | D:1      | Became a worshipper of the Wu Jian Council
   237 | D:1      | Reached * piety under Wu Jian
   271 | D:1      | Found Jesim's Jewellery Boutique.
   517 | D:2      | Reached XP level 3. HP: 5/25 MP: 2/9
   535 | D:2      | Reached skill level 5 in Spellcasting
   591 | D:2      | Reached skill level 1 in Invocations
   600 | D:2      | Shot with a sling bullet by a goblin

Illustrated notes

Levels and vault maps discovered:
D:1:      psy_arrival_fountain, layout_loops_ring, serial_shops,
          nicolae_shop_hallway_stairs, ebering_ecumenical_altar_abandoned,
          serial_bayou_pond_c, minmay_distorted
D:2:      layout_basic, grunt_ministairs_9, st_stairs_9,
          nicolae_elevator_lobby_plus

Skill      XL: |  1  2  3 |
---------------+----------+-----
Spellcasting   | 5 |  5.0
Invocations    | 1 |  1.0
Fighting       | |  0.8
Short Blades   | |  0.8
Long Blades    | |  0.8
Axes           | |  0.8
Maces & Flails | |  0.8
Polearms       | |  0.8
Staves         | |  0.8
Slings         | |  0.8
Bows           | |  0.8
Crossbows      | |  0.8
Throwing       | |  0.8
Armour         | |  0.8
Dodging        | |  4.5
Stealth        | |  4.1
Shields        | |  0.8
Unarmed Combat | |  0.8
Conjurations   | |  0.5
Hexes          | |  0.5
Summonings     | |  7.1
Necromancy     | |  0.5
Translocations | |  0.5
Transmutations | |  0.5
Fire Magic     | |  0.5
Ice Magic      | |  0.5
Air Magic      | |  0.5
Earth Magic    | |  0.5
Poison Magic   | |  0.5
Evocations     | |  0.8

Action                   || total
-------------------------++-------
Melee: Unarmed           ||    29
       Bite              ||     6
       Short sword       ||    16
 Cast: Summon Small Mamm ||    12
       Call Imp          ||    11
Invok: Whirlwind         ||     4
       Lunge             ||     1
 Stab: Sleeping          ||     2
Armor: Robe              ||     8
Dodge: Dodged            ||    28

Table legend: (Time is in decaauts)
 A = Elapsed time spent in this place.
 B = Non-inter-level travel time spent in this place.
 C = Inter-level travel time spent in this place.
 D = Time resting spent in this place.
 E = Time spent auto-exploring this place.
 F = Levels seen in this place.
 G = Mean time per level.
                   A        B        C        D        E       F      G
               +--------+--------+--------+--------+--------+-----+--------+
         Total |    603 |    603 |      0 |      0 |     86 |   2 |  301.5 |
       Dungeon |    603 |    603 |      0 |      0 |     86 |   2 |  301.5 |
               +--------+--------+--------+--------+--------+-----+--------+

Top non-repeatable levels by time:
     D:1: 395 daAuts
     D:2: 208 daAuts
